 Dungeon Crawl Stone Soup version 0.17.0-18-gaab0e96 (webtiles) character file.

1 ventricule the Bolt Thrower (level 1, -2/12 HPs)
             Began as a Tengu Arcane Marksman on Nov 11, 2015.
             Slain by a giant gecko (3 damage)
             ... on level 1 of the Dungeon.
             The game lasted 00:00:18 (73 turns).

ventricule the Bolt Thrower (Tengu Arcane Marksman)   Turns: 73, Time: 00:00:19

Health: -2/12      AC:  2    Str: 11    XL:     1   Next: 20%
Magic:  2/3        EV: 12    Int: 13    God:
Gold:   0          SH:  0    Dex: 13    Spells: 1 memorised, 1 level left

rFire  . . .     SeeInvis .     a - +0 hand crossbow
rCold  . . .     Clarity  .     c - +0 robe
rNeg   . . .     SustAt   .     (no shield)
rPois  .         Gourm    .     (helmet restricted)
rElec  .         Spirit   .     (no cloak)
rCorr  .         Warding  .     (no gloves)
rMut   .         Stasis   .     (boots unavailable)
MR     .....                    (no amulet)
Stlth  +.........               (no ring)
                                (no ring)

@: not resistant to hostile enchantments, very unstealthy
A: beak, talons 3
a: no special abilities


You were on level 1 of the Dungeon.
You were not hungry.

You visited 1 branch of the dungeon, and saw 1 of its levels.


Innate Abilities, Weirdness & Mutations

You have a beak for a mouth.
You have claws for feet.


   Skills:
 - Level 1.0 Fighting
 + Level 2.3 Crossbows
 - Level 2.1 Dodging
 - Level 1.0 Spellcasting
 - Level 2.1 Hexes


You had one spell level left.
You knew the following spells:

 Your Spells              Type           Power        Failure   Level  Hunger
Z - Corona                Hex            #......      14%         1    ##.....

Inventory:

Hand Weapons
 a - a +0 hand crossbow (weapon)
Missiles
 b - 19 bolts (quivered)
Armour
 c - a +0 robe (worn)
Scrolls
 g - a scroll of identify {unknown}
 h - a scroll of fog {unknown}
Potions
 f - a potion of heal wounds {unknown}
Books
 d - a book of Debilitation

   Spells                             Type                      Level
   a - Corona                         Hexes                        1
   b - Slow                           Hexes                        2
   c - Gell's Gravitas                Hexes/Translocation          3
   d - Inner Flame                    Hexes/Fire                   3
   e - Cause Fear                     Hexes                        4
   f - Leda's Liquefaction            Hexes/Earth                  4
Comestibles
 e - a bread ration

Dungeon Overview and Level Annotations

Branches:
Dungeon (1/15)

Altars:

▒.!▒ .▒ ▒▒▒▒▒▒▒▒▒▒ ▒.(.
..▒▒ ▒........▒ ..▒ ▒...
▒........▒ ▒.▒▒..▒
▒........▒▒▒▒.▒..▒▒...
▒........▒£...(.......
▒▒▒▒........▒...K▒▒▒.....
...'........▒▒▒▒l▒ ...
...▒........▒ ▒Q▒▒▒ ▒
...▒........▒ ▒(..▒
...▒▒▒▒▒▒▒'▒▒▒ ▒▒▒.▒
...▒<'.▒▒....▒▒▒▒▒.▒▒▒▒▒▒▒
▒▒'▒▒▒'▒.................▒
▒...▒..▒▒...▒▒........[..▒
▒...'..▒▒................▒
▒...▒▒▒▒....▒▒▒..........▒
▒▒▒▒▒ ▒▒▒▒▒▒ ▒▒.▒▒▒▒▒▒▒▒▒


You could see a giant gecko and a kobold.


Message History

You kill the hobgoblin!
A kobold comes into view. It is wielding a dagger.
Things that are here:
a club; a hobgoblin corpse You closely miss the giant gecko.
The kobold shouts!
You claw the giant gecko, but do no damage.
Your peck misses the giant gecko. The giant gecko barely misses you.
The kobold throws a stone.
The stone barely misses you.
The kobold throws a stone.
The stone closely misses you. The giant gecko bites you.
* * * LOW HITPOINT WARNING * * *
Aiming: Corona
Aim: a giant gecko (clinging, chance to defeat MR: 79%)
The giant gecko struggles to resist.
The giant gecko bites you.
* * * LOW HITPOINT WARNING * * *
You hit the giant gecko but do no damage.
Your kick misses the giant gecko. The giant gecko bites you.
* * * LOW HITPOINT WARNING * * *
You hit the giant gecko. Your kick misses the giant gecko.
The giant gecko is lightly wounded.
The giant gecko bites you.
* * * LOW HITPOINT WARNING * * *
a - a +0 hand crossbow (weapon)
The giant gecko barely misses you.
Firing (i - inventory):
b - 20 bolts (quivered)
Aim: a giant gecko (lightly wounded, clinging)
You shoot a bolt. The bolt misses the giant gecko.
The bolt closely misses the kobold.
The giant gecko bites you.
You die...

Action                   || total
-------------------------++-------
Melee: Unarmed           ||     5
 Fire: Hand crossbow     ||     1
 Cast: Corona            ||     2

Vault maps used:
D:1:      evilmike_arrival_fibonacci_small, serial_park_tiny_2,
          amethyst_killhole

Notes
Turn   | Place    | Note
--------------------------------------------------------------
     0 | D:1      | ventricule the Tengu Arcane Marksman began the quest for the Orb.
     0 | D:1      | Reached XP level 1. HP: 12/12 MP: 3/3
    71 | D:1      | HP: 1/12 [giant gecko (1)]
    73 | D:1      | Slain by a giant gecko

Vanquished Creatures
  A hobgoblin (D:1)
1 creature vanquished.
